 Dungeon Crawl Stone Soup version 0.25-a0-565-g8875c97ebb (webtiles) character file.

Game seed: 195819373865242341, levelgen mode: deterministic

2503 Lugonue the Thaumaturge (level 9, -1/35 HPs)
             Began as a Felid Air Elementalist on Feb 26, 2020.
             Was a Believer of Sif Muna.
             Splashed by an acid dragon's acid (7 damage)
             ... on level 11 of the Dungeon.
             The game lasted 00:30:44 (14783 turns).

Lugonue the Thaumaturge (Felid Air Elementalist)   Turns: 14783, Time: 00:30:45

Health: -1/35      AC: -6    Str: 12    XL:     9   Next: 28%
Magic:  10/25      EV: 20    Int: 18    God:    Sif Muna [**....]
Gold:   602        SH:  4    Dex: 18    Spells: 10/30 levels left
                                        Lives:  0   Deaths: 3

rFire    . . .     SeeInvis +     - Unarmed
rCold    . . .     Gourm    .   (shield unavailable)
rNeg     . . .     Faith    .   (armour unavailable)
rPois    .         Spirit   .   (helmet unavailable)
rElec    .         Reflect  +   (cloak unavailable)
rCorr    .         Harm     .   (gloves unavailable)
MR       +....                  (boots unavailable)
Stlth    ++++......             t - amulet "Ischudgh" {Reflect Str+7 SH+4}
HPRegen  0.11/turn              m - ring of wizardry
MPRegen  0.19/turn              h - ring of stealth

@: corroded, quick
A: very small, no armour, no weapons or thrown items, stealth, claws 1, fangs 3,
see invisible, carnivore, speed 1, shaggy fur 2, slow metabolism 1, sharp paws
a: Channel Magic, Renounce Religion


You were on level 11 of the Dungeon.
You worshipped Sif Muna.
Sif Muna was pleased with you.
You were not hungry.

You visited 2 branches of the dungeon, and saw 12 of its levels.

You collected 602 gold pieces.

Inventory:

Jewellery
 h - a ring of stealth (right paw)
 m - a ring of wizardry (left paw)
 n - an uncursed amulet of regeneration
 t - the amulet "Ischudgh" (around neck) {Reflect Str+7 SH+4}
   (You took it off an orc on level 7 of the Dungeon)

   [amulet of reflection]

   It shields you and reflects attacks.
   It affects your strength (+7).
   It affects your SH (+4).
Wands
 d - a wand of disintegration (3)
 j - a wand of random effects (6)
 p - a wand of flame (18)
Scrolls
 a - 3 scrolls of identify
 c - 8 scrolls of teleportation
 e - 2 scrolls of fog
 f - 5 scrolls of remove curse
 r - 2 scrolls of amnesia
Potions
 g - 2 potions of brilliance
 i - a potion of invisibility
 k - 3 potions of heal wounds
 l - 3 potions of flight
 o - 2 potions of lignification
 s - 3 potions of curing
Comestibles
 b - 18 rations


   Skills:
 + Level 1.1 Fighting
 + Level 4.8 Dodging
 + Level 4.9 Stealth
 + Level 2.7 Unarmed Combat
 * Level 11.1 Spellcasting
 + Level 4.6 Conjurations
 + Level 1.0 Summonings
 + Level 8.5 Air Magic
 + Level 0.3 Evocations


You had 10 spell levels left.
You knew the following spells:

 Your Spells              Type           Power        Failure   Level  Hunger
a - Shock                 Conj/Air       ####         1%          1    None
b - Airstrike             Air            #####.....   1%          4    ##.....
c - Lightning Bolt        Conj/Air       ####......   5%          5    ####...
d - Static Discharge      Conj/Air       ####....     1%          3    None
e - Summon Lightning Spi  Summ/Air       ####....     4%          4    ##.....
f - Summon Guardian Gole  Hex/Summ       ##......     7%          3    None

Your spell library contained the following spells:

 Spells                   Type           Power        Failure   Level  Hunger
 Summon Small Mammal      Summ           ##..         1%          1    None
 Swiftness                Chrm/Air       ####....     1%          2    None
 Call Imp                 Summ           ##......     2%          2    None
 Call Canine Familiar     Summ           ##......     6%          3    None
 Summon Ice Beast         Ice/Summ       ##......     22%         4    ##.....


Dungeon Overview and Level Annotations

Branches:
Dungeon (11/15)            Temple (1/1) D:7
   Lair: D:8-11         Orc: D:9-12

Altars:
Ashenzari
Cheibriados
Dithmenos
Elyvilon
Fedhas
Gozag
Hepliaklqana
Makhleb
Nemelex Xobeh
Qazlal
Ru
Sif Muna
Trog
Vehumet
Wu Jian
Xom
Yredelemnul
Zin
The Shining One

Annotations:
D:7 Harold
D:11 Erolcha


Innate Abilities, Weirdness & Mutations

You cannot wear armour.
You are incapable of wielding weapons or throwing items.
Your paws allow you to move quietly. (Stealth)
You have sharp claws.
You have razor-sharp teeth.
You have supernaturally acute eyesight. (SInv)
You are carnivorous and can eat meat at any time.
You cover ground quickly.
You are covered in thick fur. (AC +2)
You have a slow metabolism.
Your sharp claws are effective at attacking unaware monsters.


Message History

Aim: an acid dragon (heavily wounded, catching its breath)
Okay, then.
Unknown command.
Casting: Shock (safe; 1% risk of failure)
Confirm with . or Enter, or press ? or * to list all spells.
Aiming: Lightning Bolt (safe; 5% risk of failure)
Press: ? - help, Shift-Dir - straight line, f - Erolcha
Aim: Erolcha, wielding a +0 giant club and wearing a +0 robe of cold resistance (lightly wounded)
You hear a mighty clap of thunder!
The bolt of lightning hits the acid dragon!
The acid dragon is almost dead.
The bolt of lightning misses Erolcha.
You hear an angry hiss.
An orc comes into view. It is wielding a +0 falchion.
Something bites your lightning spire but does no damage.
The acid dragon spits acid at you. The splash of acid hits you!
* * * LOW HITPOINT WARNING * * *
The acid corrodes you!
You are splashed with acid!
You die...

.......# .......#
..#. .......# ...##
.......#...# ....o
#......#...# D..#
#......#...# #.)##
#......#...# .)8
#......#...#####'###
#..###.#........@..#
#..# #.#...........#
#..###.#...........#
#......'...######..#
#......#...# #..#
#.####.#...# #..# #
#.#...# #..# ..#...#
#### ..#...#


You could see an acid dragon, an orc (wandering) and a friendly lightning spire.

Vanquished Creatures
  2 two-headed ogres
  Maggie (D:7)
  A troll (D:9)
  Grinder (D:5)
  2 hippogriffs
  2 hungry ghosts
  Menkaure (D:7)
  3 swamp worms (D:10)
  A porcupine (D:8)
  5 ice beasts
  2 sky beasts
  A phantom (D:6)
  A black bear (D:8)
  6 ogres
  4 centaurs
  3 bullfrogs
  A gnoll sergeant (D:5)
  4 scorpions
  2 killer bees (D:11)
  A howler monkey (D:5)
  5 crimson imps
  A bullfrog zombie (D:9)
  6 orc wizards
  A quasit (D:7)
  2 bullfrog skeletons
  5 orc priests
  Crazy Yiuf (D:3)
  7 hounds
  A centaur skeleton (D:6)
  Jessica (D:2)
  3 iguanas
  8 worker ants
  A worker ant zombie (D:8)
  3 gnolls (D:5)
  A howler monkey skeleton (D:5)
  12 adders
  A shadow imp (D:6)
  2 oozes
  An adder zombie (D:2)
  An adder skeleton (D:10)
  3 worms
  A dart slug (D:4)
  4 leopard geckos
  36 orcs
  2 ball pythons
  8 giant cockroaches
  8 goblins
  11 hobgoblins
  6 jackals
  9 kobolds
  4 quokkas
  11 bats
  5 frilled lizards
  A jackal zombie (D:6)
  A quokka zombie (D:6)
  4 rats
  A fungus (D:3)
222 creatures vanquished.

Vanquished Creatures (collateral kills)
  A water moccasin (D:9)
  An orc warrior (D:11)
  A bullfrog (D:7)
  A scorpion (D:8)
  A howler monkey (D:8)
  A bullfrog zombie (D:9)
  An orc priest (D:7)
  An orc wizard (D:11)
  A worker ant (D:11)
  2 adders (D:8)
  A leopard gecko (D:8)
  6 orcs
18 creatures vanquished.

Vanquished Creatures (others)
  A gnoll sergeant (D:7)
  2 plants (D:10)
3 creatures vanquished.

Grand Total: 243 creatures vanquished

Notes
Turn   | Place    | Note
-------+----------+-------------------------------------------
     0 | D:1      | Lugonue the Felid Air Elementalist began the quest for the
                  | Orb.
     0 | D:1      | Reached XP level 1. HP: 7/7 MP: 4/4
   230 | D:1      | Reached XP level 2. HP: 11/11 MP: 0/6
   630 | D:1      | Reached skill level 1 in Conjurations
  1446 | D:1      | Reached XP level 3. HP: 10/14 MP: 3/7
  1680 | D:2      | Noticed Jessica
  1688 | D:2      | Killed Jessica
  1875 | D:2      | Reached XP level 4. HP: 11/18 MP: 4/8
  2959 | D:2      | Learned a level 4 spell: Airstrike
  3040 | D:2      | Noticed a crocodile
  3703 | D:3      | Reached skill level 3 in Spellcasting
  4043 | D:3      | Reached XP level 5. HP: 21/21 MP: 6/10
  4138 | D:3      | Reached skill level 1 in Unarmed Combat
  4723 | D:3      | Found a runed translucent door.
  4724 | D:3      | Noticed Crazy Yiuf
  4736 | D:3      | Killed Crazy Yiuf
  5297 | D:4      | Gained mutation: You are covered in thick fur. (AC +2)
                  | [Felid growth]
  5297 | D:4      | Reached XP level 6. HP: 23/24 MP: 6/11
  5699 | D:4      | Learned a level 5 spell: Lightning Bolt
  6096 | D:4      | Reached XP level 7. HP: 28/28 MP: 13/13
  6130 | D:4      | Reached skill level 4 in Spellcasting
  6401 | D:4      | Found a hazy altar of Hepliaklqana.
  6401 | D:4      | Found a sparkling altar of Nemelex Xobeh.
  6411 | D:4      | Found an opulent altar of Gozag.
  6412 | D:4      | Found a white marble altar of Elyvilon.
  6436 | D:5      | Entered Level 5 of the Dungeon
  7085 | D:5      | Reached skill level 5 in Air Magic
  7107 | D:5      | Found a stormy altar of Qazlal.
  7612 | D:5      | Noticed a balrug
  7613 | D:5      | Found a burning altar of Makhleb.
  7613 | D:5      | Noticed Grinder
  7624 | D:5      | Reached XP level 8. HP: 31/31 MP: 11/16
  7664 | D:5      | Learned a level 3 spell: Static Discharge
  7671 | D:5      | Found a glowing silver altar of Zin.
  7672 | D:5      | Noticed an angel
  7685 | D:5      | Killed Grinder
  7685 | D:5      | Reached skill level 5 in Spellcasting
  8104 | D:6      | Reached skill level 6 in Spellcasting
  8517 | D:6      | Reached skill level 7 in Spellcasting
  9102 | D:7      | Noticed Harold
  9204 | D:7      | Found a staircase to the Ecumenical Temple.
  9204 | D:7      | Identified the amulet "Ischudgh" {Reflect Str+7 SH+4}
  9218 | Temple   | Entered the Ecumenical Temple
  9260 | Temple   | Became a worshipper of Sif Muna the Loreminder
  9332 | D:7      | Noticed a hippogriff
  9335 | D:7      | Killed a hippogriff
  9335 | D:7      | Reached XP level 9. HP: 34/34 MP: 11/21
  9339 | D:7      | Noticed Menkaure
  9340 | D:7      | Noticed Maggie
  9343 | D:7      | Killed Menkaure
  9356 | D:7      | HP: 1/34 [Maggie/bolt of fire (14)]
  9359 | D:7      | Killed Maggie
  9359 | D:7      | Reached skill level 8 in Spellcasting
  9367 | D:7      | Slain by a hound
  9368 | D:7      | Reached XP level 8. HP: -3/31 MP: 3/21
  9985 | D:7      | Learned a level 4 spell: Summon Lightning Spire
 10189 | D:7      | Found a basalt altar of Yredelemnul.
 10354 | D:7      | Found a glowing golden altar of the Shining One.
 10356 | D:7      | Noticed an angel
 10514 | D:8      | Reached skill level 1 in Fighting
 10596 | D:8      | Reached skill level 9 in Spellcasting
 10596 | D:8      | Reached XP level 9. HP: 35/35 MP: 9/23
 10956 | D:9      | Noticed a troll
 10974 | D:9      | Slain by a troll
 10975 | D:9      | Reached XP level 8. HP: -2/32 MP: 0/22
 11085 | D:9      | Found a snail-covered altar of Cheibriados.
 11148 | D:9      | Reached * piety under Sif Muna
 11745 | D:9      | Killed a troll
 12009 | D:9      | Reached XP level 9. HP: 35/35 MP: 14/23
 12186 | D:10     | Entered Level 10 of the Dungeon
 12537 | D:10     | Found the +3 crown of Dyrovepreva {rElec Int+2 SInv}
 12539 | D:10     | Noticed a two-headed ogre
 12554 | D:10     | Killed a two-headed ogre
 12554 | D:10     | Reached skill level 10 in Spellcasting
 12897 | D:10     | Noticed a demonic crawler
 14211 | D:11     | Learned a level 3 spell: Summon Guardian Golem
 14227 | D:11     | Reached XP level 10. HP: 39/39 MP: 6/25
 14352 | D:11     | Noticed a cyclops
 14373 | D:11     | Reached ** piety under Sif Muna
 14387 | D:11     | Killed from afar by an orc wizard
 14388 | D:11     | Reached XP level 9. HP: -2/35 MP: 13/24
 14425 | D:11     | Noticed a two-headed ogre
 14549 | D:11     | Killed a two-headed ogre
 14549 | D:11     | Reached skill level 11 in Spellcasting
 14549 | D:11     | Reached skill level 1 in Summonings
 14780 | D:11     | Noticed Erolcha
 14783 | D:11     | Splashed by an acid dragon's acid

Levels and vault maps discovered:
D:1:      dpeg_arrival_tiny_a, layout_loops_cross
D:2:      layout_basic, first_ration, minmay_divided_ellipse, uniq_jessica
D:3:      layout_rooms, uniq_crazy_yiuf_cottage
D:4:      layout_rooms, minitemple, minmay_quantized
D:5:      layout_cave_pools, grunt_temple_overflow_order_and_chaos_2,
          nicolae_overflow_crystal_walls, uniq_grinder
D:6:      layout_basic, item_on_display_a
D:7:      layout_basic, grunt_temple_overflow_holy_war, temple_fountains,
          kennysheep_small_square, uniq_menkaure, uniq_maggie, uniq_harold
D:8:      layout_cave_pools, lemuel_round_altar,
          lemuel_zombie_altar_kikubaaqudgha, kennysheep_mini_moat,
          grunt_lair_entry_orc_guard_hut, serial_shops, shop, david_nohive_1,
          minmay_fractal_squares_5, uniq_psyche
D:9:      layout_roguey, cheibriados_altar_1
D:10:     layout_cross, worms_lemuel
D:11:     layout_stronghold, serial_shops, shop_coins, uniq_erolcha
Temple:   jpeg_temple_island

Skill      XL: |  1  2  3  4  5  6  7  8  9 |
---------------+----------------------------+-----
Air Magic      | 3 4 5 7 8 |  8.5
Conjurations   | 1 2 3 4 |  4.6
Dodging        | 3 4 |  4.8
Stealth        | 3 4 |  4.9
Spellcasting   | 3 4 9 11 | 11.1
Unarmed Combat | 1 2 |  2.7
Fighting       | 1 |  1.1
Summonings     | 1 |  1.0
Evocations     | |  0.3

Action                   |  1- 3 |  4- 6 |  7- 9 | 10-12 || total
-------------------------+-------+-------+-------+-------++-------
Melee: Unarmed           |    25 |   116 |    94 |     5 ||   240
       Bite              |       |    10 |    11 |       ||    21
       Punch             |       |       |     3 |     1 ||     4
 Cast: Shock             |    56 |   123 |   176 |     8 ||   363
       Airstrike         |       |    13 |   123 |     2 ||   138
       Summon Lightning  |       |       |    14 |     1 ||    15
       Lightning Bolt    |       |       |     2 |       ||     2
       Static Discharge  |       |       |     6 |       ||     6
Evoke: Wand              |       |       |     6 |       ||     6
  Use: Scroll            |       |    10 |     8 |       ||    18
       Potion            |       |     2 |     8 |       ||    10
 Stab: Sleeping          |     1 |    11 |     4 |       ||    16
  Eat: Chunk             |     3 |    18 |    22 |       ||    43
       Ration            |       |       |     1 |       ||     1
Armor: Skin              |       |     8 |     3 |       ||    11
Dodge: Dodged            |    23 |   130 |   153 |     4 ||   310
Block: Other             |       |       |    20 |     2 ||    22
       Reflection        |       |       |     3 |       ||     3

Table legend:
 A = Non-vault XP
 B = Vault XP
 C = Vault XP percentage of total XP
 D = Non-vault monster count
 E = Vault monster count
 F = Vault count percentage of total count
                 A         B        C        D         E       F
            +---------+---------+-------+---------+---------+-------
      Total |    7901 |    2110 |  21.1 |     208 |      32 |  13.3
            +---------+---------+-------+---------+---------+-------
        D:1 |      44 |       0 |   0.0 |      22 |       0 |   0.0
        D:2 |      51 |      62 |  54.9 |      23 |      12 |  34.3
        D:3 |      96 |      40 |  29.4 |      22 |       1 |   4.3
        D:4 |     471 |      86 |  15.4 |      22 |       2 |   8.3
        D:5 |     762 |     277 |  26.7 |      21 |       1 |   4.5
        D:6 |     728 |       0 |   0.0 |      17 |       0 |   0.0
        D:7 |    1059 |     699 |  39.8 |      17 |       4 |  19.0
        D:8 |     561 |     447 |  44.3 |       7 |       9 |  56.2
        D:9 |    1161 |       0 |   0.0 |      13 |       0 |   0.0
       D:10 |    1337 |     499 |  27.2 |      17 |       3 |  15.0
       D:11 |    1631 |       0 |   0.0 |      27 |       0 |   0.0
            +---------+---------+-------+---------+---------+-------
